 Dungeon Crawl Stone Soup version 0.31.0-9-g3a7656b989 (webtiles) character file.

Game seed: 5891843902740104439

42 qw the Shooter (level 3, 0/20 HPs)
             Began as a Deep Elf Hunter on Feb 2, 2024.
             Succumbed to their own poison gas
             ... on level 1 of the Dungeon.
             The game lasted 00:00:03 (1091 turns).

qw the Shooter (Deep Elf Hunter)                    Turns: 1091, Time: 00:00:04

Health: 0/20       AC:  6    Str: 10    XL:     3   Next: 35%
Magic:  5/5        EV: 11    Int: 13    God:
Gold:   33         SH:  0    Dex: 18    Spells: 2/2 levels left

rFire   . . .        a - +0 shortbow
rCold   . . .        (shield currently unavailable)
rNeg    . . .        j - +0 ring mail
rPois   .            m - +0 helmet
rElec   .            (no cloak)
rCorr   .            (no gloves)
SInv    .            (no boots)
Will    +....        k - amulet of faith
Stlth   +            (no ring)
HPRegen 0.23/turn    (no ring)
MPRegen 0.09/turn

%: faith
@: lethally poisoned (0 -> -4), enlightened, flying
A: no striking features
a: no special abilities


You were on level 1 of the Dungeon.
You visited 1 branch of the dungeon, and saw 1 of its levels.

You collected 33 gold pieces.


   Skills:
 - Level 1.5 Fighting
 + Level 6.9 Ranged Weapons
 - Level 2.4 Dodging
 - Level 1.2 Stealth


You had 2 spell levels left.
You didn't know any spells.
Your spell library was empty.

Inventory:

Hand Weapons
 a - a +0 shortbow (weapon)
Armour
 j - a +0 ring mail (worn)
 m - a +0 helmet (worn)
Jewellery
 k - an amulet of faith (around neck)
Potions
 e - a potion of haste
 n - a potion of enlightenment
 o - a potion of cancellation

Dungeon Overview and Level Annotations

Branches:
Dungeon (1/15)

Altars:


Message History

1084 ||| DRINKING 2 fizzy cyan potions.
It was a potion of enlightenment.
You feel very buoyant.
You fly up into the air.
Done exploring.
1085 ||| DROPPING scroll of butterflies.
You drop a scroll of butterflies.
Done exploring.
What level of the Dungeon? (default 1, ? - help) Sorry, I don't know how to get there.
Enter note:
Enter note:
Enter note:
Enter note:
Enter note:
Enter note:
Enter note:
Enter note:
Enter note:
Enter note:
Enter note:
Enter note:
Enter note:
Enter note:
Enter note:
Enter note:
Enter note:
Enter note: You are engulfed in poison gas.
You are poisoned.
You feel very sick.
1087 ||| Stepping ~*~*~tactically~*~*~ (cloud).
You feel very sick.
Items here: = ? [[.
There is a lethal amount of poison in your body!
You feel sick.
There is a lethal amount of poison in your body!
You feel sick.
There is a lethal amount of poison in your body!
You feel sick.
There is a lethal amount of poison in your body!
You die...

####....#################.#
........##¤0000¤#########.#
#.......##0000¤¤###.......#
#.....#..0¤¤0¤00¤##.#######
#.....#.##¤00¤00¤##.#....)#
#.......##00¤0000##.##.##.#
+........00¤¤¤¤00##.##.##.#
#.......#¤¤¤¤¤¤0¤##.##.##.#
#.......#+#00¤¤0@##.##.##.#
#........¤¤#¤###0##....##.#
#..........#.#####..#####.##
......#......#####.#####...#
......#......#...#.#.P.##..#
......###....#...#.#PP.##..#
.............#...#.#...##..#
.............###.#.#b####..#
...............#.#.#.#.....#


There were no monsters in sight!

Vanquished Creatures
  2 gnolls (D:1)
  6 bats (D:1)
  2 endoplasms (D:1)
  5 goblins (D:1)
  A hobgoblin (D:1)
  2 quokkas (D:1)
  A ball python (D:1)
  2 kobolds (D:1)
  3 rats (D:1)
24 creatures vanquished.

Notes
Turn   | Place    | Note
-------+----------+-------------------------------------------
     0 | D:1      | qw the Deep Elf Hunter began the quest for the Orb.
     0 | D:1      | Reached XP level 1. HP: 12/12 MP: 3/3
     0 | D:1      | 0 ||| qw: Version: 0.3-a-155-g5e7d8dd
     0 | D:1      | 0 ||| qw: Game counter: 352
     0 | D:1      | 0 ||| qw: Melee chars always use a shield: true
     0 | D:1      | 0 ||| qw: God list: Okawaru
     0 | D:1      | 0 ||| qw: Allow faded altars: false
     0 | D:1      | 0 ||| qw: Do Orc after clearing Dungeon:15 true
     0 | D:1      | 0 ||| qw: Do second Lair branch before Depths: true
     0 | D:1      | 0 ||| qw: Lair rune preference: random
     0 | D:1      | 0 ||| qw: Goals: Normal
     0 | D:1      | 0 ||| PLANNING D:1-11
   301 | D:1      | Reached skill level 6 in Ranged Weapons
   301 | D:1      | Reached XP level 2. HP: 13/16 MP: 4/4
   476 | D:1      | Reached XP level 3. HP: 16/20 MP: 5/5
  1046 | D:1      | 1046 ||| UPGRADING to +0 scale mail.
  1056 | D:1      | 1056 ||| DROPPING +0 leather armour.
  1057 | D:1      | 1057 ||| UPGRADING to +0 ring mail.
  1067 | D:1      | 1067 ||| DROPPING +0 scale mail.
  1068 | D:1      | 1068 ||| UPGRADING to +0 helmet.
  1073 | D:1      | 1073 ||| UPGRADING to amulet of faith.
  1078 | D:1      | 1078 ||| DROPPING ring of magical power.
  1079 | D:1      | 1079 ||| READING scroll labelled VUGEXI WEEN.
  1080 | D:1      | 1080 ||| READING 2 scrolls labelled ENWUFO DUFIC.
  1080 | D:1      | 1080 ||| IDENTIFYING golden potion
  1081 | D:1      | 1081 ||| READING scroll of identify.
  1081 | D:1      | 1081 ||| IDENTIFYING bubbling ruby potion
  1082 | D:1      | 1082 ||| READING scroll labelled XUEPES ETOLIMA.
  1083 | D:1      | 1083 ||| READING scroll labelled XUIMOV QUFUOBB.
  1084 | D:1      | 1084 ||| DRINKING 2 fizzy cyan potions.
  1085 | D:1      | 1085 ||| DROPPING scroll of butterflies.
  1087 | D:1      | 1087 ||| Stepping ~*~*~tactically~*~*~ (cloud).
  1087 | D:1      | HP: 5/20 [poisoned by you (poison gas)]
  1089 | D:1      | HP: 2/20 [poisoned by you (poison gas)]
  1091 | D:1      | Succumbed to their own poison gas

Levels and vault maps discovered:
D:1:      beargit_arrival_diablo_church, layout_basic, serial_aquarium,
          aquarium_bridge_square [aquarium_subvault_balcony,
          aquarium_subvault_window, aquarium_subvault_balcony,
          aquarium_subvault_bridge], aquarium_window_1, aquarium_window_1,
          aquarium_view_2b, aquarium_view_2c

Skill      XL: |  1 |
---------------+----+-----
Ranged Weapons | 6 |  6.9
Fighting       | |  1.5
Dodging        | |  2.4
Stealth        | |  1.2

Action                     || total
---------------------------++-------
   Fire: Shortbow          ||    71
    Use: Scroll            ||     5
         Potion            ||     1
 Armour: Leather armour    ||    16
  Dodge: Dodged            ||    15

Table legend:
 A = Non-vault XP
 B = Vault XP
 C = Vault XP percentage of total XP
 D = Non-vault monster count
 E = Vault monster count
 F = Vault count percentage of total count
                 A         B        C        D         E       F
            +---------+---------+-------+---------+---------+-------
      Total |      61 |       0 |   0.0 |      24 |       0 |   0.0
            +---------+---------+-------+---------+---------+-------
        D:1 |      61 |       0 |   0.0 |      24 |       0 |   0.0
            +---------+---------+-------+---------+---------+-------
